 Dungeon Crawl Stone Soup version 0.18.1-8-gdd0e5ea (webtiles) character file.

76 georgeearnest the Ducker (level 4, -1/33 HPs)
             Began as a Demonspawn Gladiator on May 24, 2016.
             Slain by an iguana (14 damage)
             ... on level 4 of the Dungeon.
             The game lasted 00:04:18 (2277 turns).

georgeearnest the Ducker (Demonspawn Gladiator)     Turns: 2277, Time: 00:04:19

Health: -1/33      AC:  3    Str: 17    XL:     4   Next: 12%
Magic:  4/4        EV:  8    Int:  9    God:
Gold:   111        SH:  0    Dex: 13    Spells: 0 memorised, 3 levels left

rFire  . . .     SeeInvis .     a - +0 war axe
rCold  . . .     Gourm    .     b - +0 leather armour
rNeg   . . .     Faith    .     (no shield)
rPois  .         Spirit   .     (helmet restricted)
rElec  .         Dismiss  .     (no cloak)
rCorr  .         Reflect  .     (no gloves)
SustAt .         Harm     .     (no boots)
MR     .....                    (no amulet)
Stlth  +.........               (no ring)
                                m - -5 ring of evasion (curse)

@: not resistant to hostile enchantments, very unstealthy
A: horns 1, rot immunity
a: no special abilities


You were on level 4 of the Dungeon.
You were not hungry.

You visited 1 branch of the dungeon, and saw 4 of its levels.

You collected 111 gold pieces.

Inventory:

Hand Weapons
 a - a +0 war axe (weapon)
Missiles
 d - 3 throwing nets (quivered)
Armour
 b - a +0 leather armour (worn)
 c - a +0 helmet
 h - a +0 helmet
Jewellery
 m - a cursed -5 ring of evasion (left hand)
Scrolls
 e - a scroll of amnesia {unknown}
 g - 2 scrolls of identify {unknown}
 j - a scroll of magic mapping {unknown}
 l - a scroll of noise {unknown}
 o - 3 scrolls of remove curse {unknown}
Potions
 i - a potion of brilliance {unknown}
 n - a potion of berserk rage {unknown}
 p - a potion of curing {unknown}
 s - a potion of flight {unknown}
 t - a potion of ambrosia {unknown}
Comestibles
 f - a bread ration
 k - 2 meat rations
 q - a slice of pizza
 r - a royal jelly


   Skills:
 + Level 2.1 Fighting
 + Level 3.0 Axes
 + Level 1.9 Throwing
 + Level 1.4 Armour
 + Level 3.7 Dodging
 + Level 0.2 Stealth


You had 3 spell levels left.
You didn't know any spells.

Dungeon Overview and Level Annotations

Branches:
Dungeon (4/15)             Temple (0/1) D:4

Altars:
Kikubaaqudgha
Sif Muna
Vehumet

Annotations:
D:3 georgeearnest's ghost, weakling DsGl


Innate Abilities, Weirdness & Mutations

You have a pair of small horns on your head.
You are immune to rotting.


Message History

The orc shouts!
An orc comes into view. It is wielding a flail.
The orc shouts!
The iguana bites you!
An orc wizard comes into view. It is wielding a dagger.
You barely miss the iguana.
The orc wizard shouts!
The iguana barely misses you.
An orc comes into view.
The orc shouts!
You hit the iguana.
The iguana is moderately wounded.
The iguana bites you!
The orc wizard mumbles some strange words.
The orc wizard flickers and vanishes!
Deactivating autopickup; reactivate with Ctrl-A.
You slash the iguana! Your headbutt misses the iguana.
The iguana is severely wounded.
The iguana completely misses you. The iguana bites you!
You die...

## # .. .# .⌠.⌠.. .###.
8.>.8. .<. .⌠.⌠..
..o####.# 8.8.8.
.o...ol@##### ......
#.#####.....######......
........###.##....# ....
##......# #....##.#.....
#......# #######.#...(.
#......# #....#.....
#......# #.####.....
#......# #.###......
#......# #.....#.#..


You could see an iguana and 3 orcs.

Vanquished Creatures
  A hound skeleton (D:4)
  An adder (D:2)
  A dart slug (D:2)
  A giant gecko (D:1)
  2 ball pythons
  4 giant cockroaches
  5 goblins
  4 hobgoblins (D:2)
  8 jackals
  6 kobolds
  8 bats
  3 giant newts
  4 rats (D:1)
48 creatures vanquished.

Notes
Turn   | Place    | Note
--------------------------------------------------------------
     0 | D:1      | georgeearnest the Demonspawn Gladiator began the quest for the Orb.
     0 | D:1      | Reached XP level 1. HP: 16/16 MP: 1/1
   255 | D:1      | Gained mutation: You have a pair of small horns on your head. [demonic ancestry]
   255 | D:1      | Reached XP level 2. HP: 19/22 MP: 2/2
  1038 | D:2      | Reached XP level 3. HP: 23/27 MP: 3/3
  1144 | D:2      | Found an ancient bone altar of Kikubaaqudgha.
  1332 | D:2      | Reached skill level 1 in Armour
  1718 | D:2      | Found a radiant altar of Vehumet.
  1787 | D:2      | Found a deep blue altar of Sif Muna.
  1925 | D:3      | Noticed georgeearnest's ghost (weakling DsGl)
  2242 | D:4      | Gained mutation: You are immune to rotting. [demonic ancestry]
  2242 | D:4      | Reached XP level 4. HP: 32/33 MP: 4/4
  2259 | D:4      | Found a staircase to the Ecumenical Temple.
  2277 | D:4      | Slain by an iguana

Skill      XL: |  1  2  3 |
---------------+----------+-----
Dodging        | 3 |  3.7
Armour         | 1 |  1.4
Axes           | 3 |  3.0
Fighting       | |  2.1
Throwing       | |  1.9
Stealth        | |  0.2

Action                   |  1- 3 |  4- 6 || total
-------------------------+-------+-------++-------
Melee: War axe           |   115 |     3 ||   118
       Headbutt          |    16 |       ||    16
  Eat: Bread ration      |     1 |       ||     1
Armor: Leather armour    |    67 |       ||    67
Dodge: Dodged            |   162 |     2 ||   164
